 Dungeon Crawl Stone Soup version 0.25.0-37-gb73750e0fb (webtiles) character file.

Game seed: 2401945973916153150

67 wojtek the Chopper (level 4, -2/39 HPs)
             Began as a Minotaur Fighter on July 9, 2020.
             Slain by Sigmund
             ... wielding a +0 scythe
              (10 damage)
             ... on level 2 of the Dungeon.
             The game lasted 00:01:04 (1393 turns).

wojtek the Chopper (Minotaur Fighter)               Turns: 1393, Time: 00:01:05

Health: -2/39      AC:  6    Str: 22    XL:     4   Next: 0%
Magic:  3/3        EV:  7    Int:  5    God:
Gold:   31         SH:  0    Dex:  9    Spells: 3/3 levels left

rFire    . . .     SeeInvis .   a - +0 war axe
rCold    . . .     Gourm    .   c - +0 kite shield
rNeg     . . .     Faith    .   b - +0 scale mail
rPois    .         Spirit   .   (helmet restricted)
rElec    .         Reflect  .   (no cloak)
rCorr    .         Harm     .   (no gloves)
MR       .....                  (no boots)
Stlth    ..........             (no amulet)
HPRegen  0.13/turn              (no ring)
MPRegen  0.08/turn              (no ring)

@: confused
A: retaliatory headbutt, horns 2
a: no special abilities


You were on level 2 of the Dungeon.
You were not hungry.

You visited 1 branch of the dungeon, and saw 2 of its levels.

You collected 31 gold pieces.

Inventory:

Hand Weapons
 a - a +0 war axe (weapon)
Armour
 b - a +0 scale mail (worn)
 c - a +0 kite shield (worn)
Scrolls
 e - a scroll of amnesia {unknown}
 g - a scroll of fear {unknown}
 h - 2 scrolls of teleportation {unknown}
 n - a scroll of identify {unknown}
 o - a scroll of blinking {unknown}
 q - a scroll of remove curse {unknown}
Potions
 d - a potion of might
 i - a potion of stabbing {unknown}
 j - 2 potions of haste {unknown}
 k - 2 potions of curing {unknown}
 m - a potion of flight {unknown}
 p - a potion of mutation {unknown}
Comestibles
 f - a ration
 l - 2 chunks of flesh


   Skills:
 - Level 3.6 Fighting
 + Level 5.2 Axes
 - Level 3.6 Armour
 - Level 3.6 Shields


You had 3 spell levels left.
You didn't know any spells.
Your spell library was empty.

Dungeon Overview and Level Annotations

Branches:
Dungeon (2/15)

Altars:

Annotations:
D:2 Sigmund


Innate Abilities, Weirdness & Mutations

You reflexively headbutt those who attack you in melee.
You have a pair of horns on your head.


Message History

There is a strange disturbance nearby!
There is a strange disturbance nearby!
No target in view!
No target in view!
A magic dart appears from out of thin air!
The magic dart hits you. Something hits you!
You see here a murky red potion.
Your shield prevents you from hitting something.
Your headbutt misses something.
You hear some strange, mumbled words.
You are confused.
You bump into the rock wall.
You hear some strange, mumbled words.
A puff of flame appears from out of thin air!
The puff of flame hits you!
You closely miss something. Something hits you.
* * * LOW HITPOINT WARNING * * *
You closely miss something. Something hits you!
You die...

# # # # # .## #
... # ###.. #
...# # #
#.######.##.####
#
#..{@...........
#
########.##.###
#.##.# #.##.#
#.##.# #.##[####
#(#).(.(# ##
#.....#.# .<
###..(#.#


There were no monsters in sight!

Vanquished Creatures
  An adder (D:2)
  An ooze (D:2)
  2 dart slugs (D:1)
  A leopard gecko (D:2)
  A ball python (D:1)
  5 bats (D:1)
  2 giant cockroaches
  3 goblins
  4 hobgoblins (D:1)
  7 jackals (D:1)
  6 frilled lizards
  11 kobolds
  3 rats (D:2)
47 creatures vanquished.

Notes
Turn   | Place    | Note
-------+----------+-------------------------------------------
     0 | D:1      | wojtek the Minotaur Fighter began the quest for the Orb.
     0 | D:1      | Reached XP level 1. HP: 19/19 MP: 0/0
    72 | D:1      | Reached skill level 3 in Axes
   232 | D:1      | Reached XP level 2. HP: 26/26 MP: 1/1
   432 | D:1      | Reached skill level 4 in Axes
   495 | D:1      | Reached XP level 3. HP: 27/31 MP: 2/2
  1138 | D:2      | Reached skill level 5 in Axes
  1377 | D:2      | Reached XP level 4. HP: 38/39 MP: 3/3
  1385 | D:2      | Noticed Sigmund
  1393 | D:2      | Slain by Sigmund

Illustrated notes

Levels and vault maps discovered:
D:1:      lemuel_arrival_room, layout_basic, minmay_misc_feat_cross
D:2:      layout_loops_ring, first_ration, uniq_sigmund

Skill      XL: |  1  2  3 |
---------------+----------+-----
Axes           | 3 4 5 |  5.2
Fighting       | |  3.6
Armour         | |  3.6
Shields        | |  3.6

Action                   |  1- 3 |  4- 6 || total
-------------------------+-------+-------++-------
Melee: War axe           |   100 |     3 ||   103
       Headbutt          |    12 |       ||    12
  Eat: Chunk             |     2 |       ||     2
Armor: Scale mail        |    60 |       ||    60
Dodge: Dodged            |    42 |       ||    42
Block: Kite shield       |    53 |       ||    53
